 Dungeon Crawl Stone Soup version 0.29.0-5-ge4962eb29e (webtiles) character file.

Game seed: 5045108338680099562

678 kd29 the Changer (level 7, -5/49 HPs)
             Began as a Demonspawn Transmuter on Aug 28, 2022.
             Was an Initiate of Ru.
             Slain by a lemure (7 damage)
             ... led by Pikel
             ... on level 4 of the Dungeon.
             The game lasted 00:08:23 (4679 turns).

kd29 the Changer (Demonspawn Transmuter)            Turns: 4679, Time: 00:08:24

Health: -5/49      AC: 13    Str: 11      XL:     7   Next: 34%
Magic:  9/12       EV: 12    Int: 16      God:    Ru [......]
Gold:   208        SH:  0    Dex: 12 (13) Spells: 3/13 levels left

rFire   x . .      SeeInvis .     - Unarmed
rCold   + . .      Faith    .   (no shield)
rNeg    . . .      Spirit   .   a - +0 robe
rPois   .          Reflect  .   c - +0 helmet
rElec   .          Harm     .   i - +1 cloak
rCorr   .          Rampage  .   (no gloves)
Will    .....                   (no boots)
Stlth   +.........              (no amulet)
HPRegen 0.16/turn               j - ring of ice
MPRegen 0.13/turn               (no ring)

@: ice-armoured, wereblooded (expiring)
A: claws 1, thin metallic scales 1, foul stench 1, powered by pain 1
a: Renounce Religion


You were on level 4 of the Dungeon.
You worshipped Ru.
Ru was noncommittal.
You visited 1 branch of the dungeon, and saw 4 of its levels.
You also visited: Sewer.

You collected 208 gold pieces.

Inventory:

Armour
 a - a +0 robe (worn)
 c - a +0 helmet (worn)
 i - a +1 cloak (worn)
 k - +0 fire dragon scales
Jewellery
 j - a ring of ice (left claw)
Scrolls
 d - 2 scrolls of blinking {unknown}
 e - a scroll of vulnerability {unknown}
 f - a scroll of enchant weapon
 h - a scroll of identify {unknown}
 n - 2 scrolls of magic mapping {unknown}
 p - a scroll of immolation {unknown}
 q - a scroll of torment {unknown}
 r - a scroll of teleportation {unknown}
 v - a scroll of butterflies {unknown}
Potions
 b - a potion of mutation {unknown}
 g - a potion of heal wounds
 l - a potion of attraction {unknown}
 m - a potion of haste
 o - a potion of brilliance {unknown}
 s - 2 potions of magic {unknown}
 t - 2 potions of invisibility {unknown}
 u - 2 potions of flight {unknown}


   Skills:
 - Level 1.9 Fighting
 - Level 1.7 Dodging
 - Level 3.1 Unarmed Combat
 + Level 3.5 Spellcasting
 * Level 5.0 Transmutations
 * Level 3.8 Ice Magic


You had 3 spell levels left.
You knew the following spells:

 Your Spells              Type           Power      Damage    Failure   Level
a - Beastly Appendage     Tmut           36%        N/A       2%          1
b - Wereblood             Tmut           18%        N/A       3%          2
c - Ozocubu's Armour      Ice            22%        N/A       11%         3
d - Ice Form              Ice/Tmut       25%        N/A       28%         4

Your spell library contained the following spells:

 Spells                   Type           Power      Damage    Failure   Level
 Spider Form              Tmut/Pois      10%        N/A       19%         3
 Blink                    Tloc           4%         N/A       26%         2
 Poisonous Vapours        Pois/Air       4%         N/A       26%         2
 Lesser Beckoning         Tloc           2%         N/A       47%         3
 Portal Projectile        Hex/Tloc       4%         N/A       47%         3
 Tukima's Dance           Hex            2%         N/A       47%         3
 Blade Hands              Tmut           9%         N/A       52%         5
 Animate Dead             Necr           2%         N/A       87%         4
 Corpse Rot               Necr/Pois/Air  2%         N/A       87%         4
 Manifold Assault         Tloc           2%         N/A       99%         5
 Haunt                    Necr/Summ      1%         N/A       100%        7
 Ozocubu's Refrigeration  Ice            11%        4d9       100%        7
 Infestation              Necr           1%         N/A       100%        8


Dungeon Overview and Level Annotations

Branches:
Dungeon (4/15)              Sewer (visited)
 Temple: D:4-7

Altars:
Ru

Annotations:
D:3 2 transporters, xian's ghost, weakling NaFi
D:4 Pikel


Innate Abilities, Weirdness & Mutations

You have sharp fingernails.
You are partially covered in thin metallic scales. (AC +2)
You may rarely emit foul miasma when damaged in melee.
You sometimes gain a little power by taking damage.


Message History

The puff of flame hits you but does no damage.
The heat melts your icy armour.
You scratch Pikel.
Pikel is almost dead.
The lemure hits you.
* * * LOW HITPOINT WARNING * * *
The lemure hits you but does no damage.
Pikel drinks a potion.
Pikel is healed!
The lemure misses you.
You closely miss Pikel.
Pikel is severely wounded.
The lemure closely misses you. The lemure hits you but does no damage.
The lemure hits you.
* * * LOW HITPOINT WARNING * * *
You emit a cloud of foul miasma!
Pikel zaps a wand.
The puff of flame hits you but does no damage.
The heat melts your icy armour.
You scratch Pikel but do no damage.
Pikel is severely wounded.
The lemure hits you but does no damage. The lemure closely misses you.
Pikel barely misses you. The lemure hits you but does no damage.
Unknown command.
You scratch Pikel.
Pikel is severely wounded.
The lemure hits you.
* * * LOW HITPOINT WARNING * * *
You emit a cloud of foul miasma!
The lemure hits you but does no damage.
Pikel zaps a wand.
The puff of flame hits you. The fire burns you terribly!
* * * LOW HITPOINT WARNING * * *
The lemure hits you.
* * * LOW HITPOINT WARNING * * *
The heat melts your icy armour.
You scratch Pikel but do no damage.
Pikel is severely wounded.
The lemure hits you but does no damage. x3; Pikel barely misses you.
You scratch Pikel.
Pikel is severely wounded.
Your primal bloodlust is almost over.
The lemure closely misses you. The lemure completely misses you.
The lemure hits you!
You die...

#..# #..## ....#
....# ##
###########... .#
#........##o## .#
#........#K55# .#
#........'.@5#
.#####........#...#
.#...#........#...#
.#...'........#...#
.#...#........#...#
.###+#........#...#
....))....#####..##
#....)....# ...#
#...))....# ...+


You could see Pikel, 3 lemures and an orc.

Vanquished Creatures
  Grinder (Sewer)
  A kobold brigand (Sewer)
  A lemure (D:4)
  2 quasits (Sewer)
  2 hounds
  3 orc wizards
  6 adders
  A shadow imp (Sewer)
  4 ufetubi
  A worm (D:4)
  3 dart slugs
  8 orcs
  2 bats
  8 endoplasms
  7 giant cockroaches
  6 goblins
  4 hobgoblins
  11 quokkas
  7 ball pythons
  2 frilled lizards (D:1)
  20 kobolds
  6 rats
106 creatures vanquished.

Notes
Turn   | Place    | Note
-------+----------+-------------------------------------------
     0 | D:1      | kd29 the Demonspawn Transmuter began the quest for the Orb.
     0 | D:1      | Reached XP level 1. HP: 15/15 MP: 3/3
   500 | D:1      | Reached skill level 2 in Transmutations
   682 | D:1      | Gained mutation: You sometimes gain a little power by
                  | taking damage. [demonic ancestry]
   682 | D:1      | Reached XP level 2. HP: 19/21 MP: 3/5
   855 | D:1      | Learned a level 2 spell: Wereblood
  1174 | D:2      | Gained mutation: You may rarely emit foul miasma when
                  | damaged in melee. [demonic ancestry]
  1174 | D:2      | Reached XP level 3. HP: 17/26 MP: 3/6
  1831 | D:3      | Learned a level 3 spell: Ozocubu's Armour
  1842 | D:3      | Found a transporter.
  1867 | D:3      | Reached skill level 3 in Transmutations
  1867 | D:3      | Reached XP level 4. HP: 33/33 MP: 5/7
  1874 | D:3      | Found a glowing drain.
  1919 | Sewer    | Entered a sewer
  1954 | Sewer    | Reached skill level 1 in Ice Magic
  2432 | Sewer    | Found a burning altar of Makhleb.
  2457 | Sewer    | Reached XP level 5. HP: 14/38 MP: 6/8
  2665 | Sewer    | Noticed Grinder
  2706 | Sewer    | Killed Grinder
  2707 | Sewer    | Reached skill level 4 in Transmutations
  2707 | Sewer    | Gained mutation: You have sharp fingernails. [demonic
                  | ancestry]
  2707 | Sewer    | Reached XP level 6. HP: 11/44 MP: 8/10
  3299 | Sewer    | Learned a level 4 spell: Ice Form
  3316 | D:3      | Found a faded altar of an unknown god.
  3636 | D:3      | Gained mutation: You are partially covered in thin metallic
                  | scales. (AC +2) [demonic ancestry]
  3636 | D:3      | Reached XP level 7. HP: 42/49 MP: 8/11
  3742 | D:3      | Found a transporter.
  3994 | D:3      | Found a sacrificial altar of Ru.
  4097 | D:3      | Noticed xian's ghost (weakling NaFi)
  4250 | D:3      | Became a worshipper of Ru the Awakened
  4440 | D:4      | Reached skill level 5 in Transmutations
  4650 | D:4      | Noticed Pikel
  4677 | D:4      | HP: 2/49 [lemure[Pikel] (4)]
  4679 | D:4      | Slain by a lemure

Illustrated notes

Levels and vault maps discovered:
D:1:      amcnicky_arrival_flooded_fountain, layout_basic
D:2:      layout_rooms
D:3:      layout_loops_ring, nicolae_ru_the_path_less_chosen,
          shapermc_ecumenical_altar_mp_ritualfount, gammafunk_ghost_mausoleum,
          portal_sewer_entry_f, minmay_misc_feat_alley,
          corexii_item_surrounded_by_moat
D:4:      layout_gridville, vehumet_statue, minmay_checkerbox, uniq_pikel

Skill      XL: |  1  2  3  4  5  6  7 |
---------------+----------------------+-----
Transmutations | 2 3 4 5 |  5.0
Unarmed Combat | 3 |  3.1
Ice Magic      | 1 2 3 |  3.8
Spellcasting   | 3 |  3.5
Fighting       | |  1.9
Dodging        | |  1.7

Action                   |  1- 3 |  4- 6 |  7- 9 || total
-------------------------+-------+-------+-------++-------
Melee: Unarmed           |    91 |   175 |   124 ||   390
       Kick              |    17 |    26 |    20 ||    63
       Headbutt          |    10 |    15 |    15 ||    40
       Punch             |     2 |     2 |       ||     4
 Cast: Beastly Appendage |    17 |    20 |     9 ||    46
       Wereblood         |     1 |     5 |     1 ||     7
       Ozocubu's Armour  |       |       |     1 ||     1
  Use: Scroll            |     2 |       |       ||     2
       Potion            |       |     3 |       ||     3
 Stab: Sleeping          |     1 |     1 |       ||     2
Armor: Robe              |    20 |    78 |    58 ||   156
       Skin              |       |    20 |       ||    20
Dodge: Dodged            |    62 |   151 |    90 ||   303
